 Dungeon Crawl Stone Soup version 0.19.5 (webtiles) character file.

78 x1a0 the Skirmisher (level 4, -4/37 HPs)
             Began as a Demonspawn Abyssal Knight on May 6, 2017.
             Was a Believer of Lugonu.
             Slain by a gnoll
             ... wielding a +0 halberd
              (11 damage)
             ... on level 2 of the Dungeon.
             The game lasted 00:07:26 (1382 turns).

x1a0 the Skirmisher (Demonspawn Abyssal Knight)     Turns: 1382, Time: 00:07:27

Health: -4/37      AC:  6    Str: 14    XL:     4   Next: 15%
Magic:  6/6        EV:  9    Int: 13    God:    Lugonu [**....]
Gold:   32         SH:  0    Dex: 12    Spells: 0 memorised, 3 levels left

rFire  + . .     SeeInvis .     a - +2 spear
rCold  . . .     Gourm    .     e - +0 scale mail
rNeg   . . .     Faith    .     (no shield)
rPois  .         Spirit   .     (no helmet)
rElec  .         Reflect  .     (no cloak)
rCorr  .         Harm     .     (no gloves)
MR     +....                    (no boots)
Stlth  ..........               (no amulet)
                                (no ring)
                                b - ring of protection from magic

@: no status effects
A: claws 1, talons 1, fire resistance 1
a: Depart the Abyss, Bend Space, Renounce Religion


You were on level 2 of the Dungeon.
You worshipped Lugonu.
Lugonu was pleased with you.
You were not hungry.

You visited 1 branch of the dungeon, and saw 2 of its levels.
You visited the Abyss 1 time.

You collected 32 gold pieces.

Inventory:

Hand Weapons
 a - a +2 spear (weapon)
Armour
 e - a +0 scale mail (worn)
Jewellery
 b - a ring of protection from magic (left claw)
Scrolls
 i - a scroll of recharging
Potions
 j - 2 potions of flight
 k - a potion of heal wounds {unknown}
Comestibles
 c - 2 bread rations
 d - 4 chunks of flesh
 f - a beef jerky
 g - 2 meat rations


   Skills:
 + Level 3.8 Fighting
 + Level 2.4 Polearms
 + Level 2.4 Armour
 + Level 1.4 Dodging
 + Level 2.7 Invocations


You had 3 spell levels left.
You didn't know any spells.

Dungeon Overview and Level Annotations

Branches:
Dungeon (2/15)

Altars:


Innate Abilities, Weirdness & Mutations

You have sharp fingernails.
You have sharp toenails.
Your flesh is heat resistant. (rF+)


Message History

You are no longer poisoned.
The hound barely misses you. The adder bites you.
There is a stone staircase leading up here.
You see here a club.
The hound completely misses you. The hound bites you.
The adder barely misses you. The hound closely misses you.
You climb upwards.
There is a stone staircase leading down, spattered with blood here.
The hound bites you but does no damage. The adder bites you.
The hound barely misses you. x2
You climb downwards.
The gnoll barely misses you.
There is a stone staircase leading up, spattered with blood here.
You see here a club.
The adder bites you but does no damage. The hound misses you.
The gnoll hits you but does no damage. The adder bites you.
* * * LOW HITPOINT WARNING * * *
The hound bites you.
* * * LOW HITPOINT WARNING * * *
The gnoll hits you with a halberd!
You die...

..###...###.........#..
.....................#
#....................#
#....................##.#
#.###...###..........##..### #
#. #...# #..........# #...####
#.###...###..........####......
#...........hg.......#.........
########.###.............###
.......#################......#
' .......# ######## # .......#
+


You could see 2 hounds, a gnoll and an adder.

Vanquished Creatures
  Ijyb (D:2)
  An ooze (D:1)
  4 dart slugs (D:1)
  4 leopard geckos
  A giant cockroach (D:1)
  4 goblins
  A hobgoblin (D:2)
  5 kobolds (D:1)
  A quokka (D:2)
  A ball python (D:1)
  8 bats (D:1)
  2 frilled lizards (D:1)
  5 rats
38 creatures vanquished.

Notes
Turn   | Place    | Note
-------+----------+-------------------------------------------
     0 | Abyss:1  | x1a0 the Demonspawn Abyssal Knight began the quest for the Orb.
     0 | Abyss:1  | Reached XP level 1. HP: 18/18 MP: 2/2
    20 | D:1      | Escaped the Abyss
    70 | D:1      | Gained mutation: Your flesh is heat resistant. (rF+) [demonic ancestry]
    70 | D:1      | Reached XP level 2. HP: 14/24 MP: 3/3
   350 | D:1      | Reached skill level 1 in Dodging
   367 | D:1      | Reached ** piety under Lugonu
   543 | D:1      | Gained mutation: You have sharp fingernails. [demonic ancestry]
   543 | D:1      | Reached XP level 3. HP: 22/29 MP: 4/4
   978 | D:2      | Noticed Ijyb
  1315 | D:2      | Killed Ijyb
  1315 | D:2      | Gained mutation: You have sharp toenails. [demonic ancestry]
  1315 | D:2      | Reached XP level 4. HP: 34/37 MP: 6/6
  1382 | D:2      | Slain by a gnoll

Skill      XL: |  1  2 |
---------------+-------+-----
Polearms       | 2 |  2.4
Dodging        | 1 |  1.4
Armour         | 2 |  2.4
Fighting       | |  3.8
Invocations    | |  2.7

Action                   |  1- 3 |  4- 6 || total
-------------------------+-------+-------++-------
Melee: Spear             |   129 |     6 ||   135
  Use: Scroll            |     3 |     1 ||     4
  Eat: Chunk             |     1 |     1 ||     2
Armor: Leather armour    |    22 |       ||    22
       Scale mail        |    71 |    17 ||    88
Dodge: Dodged            |    93 |    19 ||   112
